[Event "44th Chess Olympiad Open 2022"]
[Site "Chennai"]
[Date "2022.08.08"]
[Round "10.44"]
[White "Asllani, Muhamet"]
[Black "Eiti, Bashir"]
[Result "0-1"]
[WhiteElo "2235"]
[BlackElo "2337"]
[Annotator "RC"]
[PlyCount "74"]
[EventDate "2022.??.??"]
[TimeControl "60"]

1. d4 Nf6 2. Nf3 b5 3. Bg5 Bb7 4. e3 a6 5. Nbd2 g6 6. c4 bxc4 7. Bxc4 d5 8. Bd3 Nbd7 9. O-O Bg7 10. Rc1 O-O 11. Nb3 a5 12. Bf4 c6 13. Ne5 a4 14. Nc5 Nxc5 15. Rxc5 Nh5 16. Nxc6 Bxc6 17. Rxc6 Nxf4 18. exf4 e6 19. b4 axb3 20. axb3 Qb8 21. g3 Qb4 22. Qc2 Bxd4 23. h4 Rab8 24. h5 Qxb3 25. hxg6 hxg6 26. Qe2 Kg7 27. Kg2 Rbc8 28. Ra6 Ra8 29. Rb1 Qc3 30. Rxe6 fxe6 31. Qxe6 Rf7 32. Bxg6 Rc7 33. Rh1 Rh8 34. Bh5 Qc2 35. Qg4+ Kf8 36. Rd1 Qe4+ 37. Kh3 Rxh5+ 0-1

[Event "44th Chess Olympiad Open 2022"]
[Site "Chennai"]
[Date "2022.08.08"]
[Round "10.45"]
[White "Palomo, Franklin Annervys"]
[Black "Smith, Shreyas"]
[Result "0-1"]
[WhiteElo "2324"]
[BlackElo "2147"]
[Annotator "RC"]
[PlyCount "140"]
[EventDate "2022.??.??"]
[TimeControl "60"]

1. e4 c5 2. Nf3 Nc6 3. d4 cxd4 4. Nxd4 e5 5. Nb5 d6 6. c4 Be7 7. Bd3 Nf6 8. O-O O-O 9. h3 Be6 10. Be3 a6 11. N5c3 Nd7 12. Nd5 Bg5 13.
Nbc3 Bxe3 14. Nxe3 Qg5 15. Kh1 Nf6 16. Be2 Qh4 17. Qd3 Nd4 18.
Rac1 b5 19. cxb5 axb5 20. a3 g5 21. Kg1 h5 22. Rfe1 g4 23.
Ncd5 Nxd5 24. exd5 Bc8 25. hxg4 hxg4 26. g3 Qh3 27. Ng2 Qh5 28. Nh4 Bb7 29. Bf1 Rac8 30. Bg2 Qg5 31. Rc3 f5 32. Kh2 Kg7 33. Rec1 Rxc3 34. Rxc3 Rf7 35. Qd1 f4 36. Be4 fxg3+ 37. fxg3 Rf2+ 38. Kg1 Rf7 39. Kh2 Kh6 40. Kg2 b4 41. axb4 Ba6 42. Qc1 Bf1+ 43. Kh2 Rf2+ 44. Kh1 Qxc1 45. Rxc1 Ne2 46. Nf5+ Kg5 47. Re1 Bg2+ 48. Bxg2 Kxf5 49. b5 Nxg3+ 50. Kh2 Kf4 51. Rb1 Ne4 52. Rf1 Rxf1 53. Bxf1 Nc5 54. Bc4 Nd7 55. Kg2 Nb6 56. b3 g3 57. Kf1 Kf3 58. Be2+ Ke3 59. Bc4 e4 60. Kg2 Kf4 61. Be2 Nxd5 62. Bh5 Nb6 63. Bf7 d5 64. b4 d4 65. Kf1 d3 66. Bg6 Nc4 67. Kg2 d2 68.
Bh5 Ne3+ 69. Kh3 g2 70. Kh2 Ng4+ 0-1

[Event "44th Chess Olympiad Open 2022"]
[Site "Chennai"]
[Date "2022.08.08"]
[Round "10.45"]
[White "Christie, Joshua"]
[Black "Rohl Montes, Juan Armando"]
[Result "1/2-1/2"]
[WhiteElo "2272"]
[BlackElo "2382"]
[Annotator "RC"]
[PlyCount "23"]
[EventDate "2022.??.??"]
[TimeControl "60"]

1. d4 Nf6 2. c4 g6 3. g3 c6 4. Bg2 d5 5. cxd5 cxd5 6. Nf3 Bg7 7. O-O O-O 8.
Ne5 Ng4 9. Nf3 Nf6 10. Ne5 Ng4 11. Nf3 Nf6 12. Ne5 1/2-1/2

[Event "44th Chess Olympiad Open 2022"]
[Site "Chennai"]
[Date "2022.08.08"]
[Round "10.45"]
[White "Castro Silva, Moises Antonio"]
[Black "McDonald, Jhustice-Dimonte"]
[Result "1-0"]
[WhiteElo "2237"]
[BlackElo "1884"]
[Annotator "NA RC"]
[PlyCount "65"]
[EventDate "2022.??.??"]
[TimeControl "60"]

1. e4 c5 2. Nf3 e6 3. Nc3 Nc6 4. d4 cxd4 5. Nxd4 Nf6 6. Ndb5 d6 7. Bf4 e5 8. Bg5 a6 9. Na3 b5 10. Bxf6 Qxf6 11. Nd5 Qd8 12. Bxb5 axb5 13. Nxb5 Qa5+ 14. c3 Kd8 15. a4 Rb8 16. b4 Qa8 17. O-O Be6 18. Ndc7 Qb7 19. Nxe6+ fxe6 20. Nxd6 Bxd6 21. Qxd6+ Qd7 22. Qc5 Qc7 23. Rfd1+ Kc8 24. Rd6 Nd8 25. Qxc7+ Kxc7 26. Rad1 Rg8 27. a5 Nb7 28. Rd7+ Kc6 29. a6 Rgd8 30. b5+ Kxb5 31. axb7 Rxd7 32. Rxd7 Rg8 33. Rxg7 1-0

[Event "44th Chess Olympiad Open 2022"]
[Site "Chennai"]
[Date "2022.08.08"]
[Round "10.45"]
[White "Shaw, Jaden"]
[Black "Castro Torres, Jose Luis"]
[Result "0-1"]
[WhiteElo "1930"]
[BlackElo "2326"]
[Annotator "RC"]
[PlyCount "72"]
[EventDate "2022.??.??"]
[TimeControl "60"]

1. e4 c5 2. Nf3 Nc6 3. Bb5 e6 4. Bxc6 bxc6 5. d3 Ne7 6.
Qe2 Ng6 7. h4 h5 8. e5 Be7 9. Nc3 Qc7 10. Bg5 f6 11. exf6 gxf6 12. Bd2 d5 13. O-O-O e5 14. Nh2 Be6 15. f4 O-O-O 16. Qf2 Nxf4 17. Bxf4 exf4 18. Na4 d4 19. Rhe1 Bd5 20. c4 Bf7 21. Qf3 Bd6 22. Qh3+ Qd7 23. Qf3 Rhg8 24. Nf1 Rg4 25. Nd2 Rg3 26. Qf1 Bg6 27. Nb3 Qf5 28. Kb1 Rxd3 29. Ka1 Rxd1+ 30. Rxd1 Re8 31. Nxd4 cxd4 32. c5 Bc7 33. Qa6+ Kb8 34. Qxc6 Qe4 35. Qxf6 Qe1 36. Qxd4 Bc2 0-1

[Event "44th Chess Olympiad Open 2022"]
[Site "Chennai"]
[Date "2022.08.08"]
[Round "10.46"]
[White "Munoz Santana, Jose Lisandro"]
[Black "Rehan, Deng Cypriano"]
[Result "1/2-1/2"]
[WhiteElo "2423"]
[BlackElo "2105"]
[Annotator "RC"]
[PlyCount "87"]
[EventDate "2022.??.??"]
[TimeControl "60"]

1. e4 c5 2. Nf3 d6 3. Bb5+ Bd7 4. Bxd7+ Qxd7 5. O-O e6 6. c4 Ne7 7. d4 cxd4 8. Nxd4 Ng6 9. Nc3 Be7 10. Be3 O-O 11. Qe2 Nc6 12. Rfd1 Nxd4 13. Bxd4 Qc6 14. b3 a6 15. a4 Rac8 16. Rd3 Rfd8 17. Rad1 Bf8 18. Qg4 Qe8 19. Rh3 h6 20. Bb6 Rd7 21. f4 Kh7 22. Be3 d5 23. exd5 f5 24. Qh5 Bb4 25. Na2 Bd6 26. Qf3 exd5 27. Rxd5 Bxf4 28. Rxd7 Bxe3+ 29. Qxe3 Qxd7 30. Qd3 Qe7 31.
Qe3 Qa3 32. Nc1 b5 33. axb5 axb5 34. Rf3 f4 35. Qc3 bxc4 36. bxc4 Qc5+ 37. Kf1 Qxc4+ 38. Qxc4 Rxc4 39. Ne2 h5 40. g3 fxg3 41. hxg3 Kh6 42. Rf5 h4 43. gxh4 Nxh4 44. Rf4 1/2-1/2

[Event "44th Chess Olympiad Open 2022"]
[Site "Chennai"]
[Date "2022.08.08"]
[Round "10.46"]
[White "Arvelo Leo, Gian Carlo"]
[Black "Gong Thon Gong"]
[Result "1/2-1/2"]
[WhiteElo "2176"]
[BlackElo "2176"]
[Annotator "NA RC"]
[PlyCount "117"]
[EventDate "2022.??.??"]
[TimeControl "60"]

1. d4 Nf6 2. Nf3 d5 3. c4 e6 4. g3 dxc4 5. Qa4+ c6 6. Qxc4 b5 7. Qc2 Bb7 8. Bg2 Nbd7 9. Nc3 a6 10. a4 b4 11. Ne4 Nxe4 12. Qxe4 Nf6 13. Qc2 c5 14. dxc5 Rc8 15. Be3 Nd5 16. Bd4 Qa5 17. Rc1 Bxc5 18.
Bxc5 b3+ 19. Qd2 Rxc5 20. Qxa5 Rxa5 21. Rc4 O-O 22. O-O Rb8 23. Rfc1 h6 24. e4 Nb6 25. Rb4 Ba8 26. Rcc4 Kh7 27. Nd4 Nxc4 28. Rxb8 Nd2 29. Nxb3 Nxb3 30. Rxb3 Rxa4 31. f3 Bc6 32. Kf2 Bb5 33. Bf1 Bxf1 34. Kxf1 Rc4 35. Rc3 Rb4 36. b3 a5 37. Ke2 a4 38. bxa4 Rxa4 39. Rc2 Ra3 40. Rd2 g5 41. Rd3 Ra1 42. Rd1 Ra4 43.
Ke3 Kg6 44. Rd2 Ra1 45. Kf2 h5 46. Rb2 e5 47. Kg2 Ra4 48.
Rc2 g4 49. Re2 Ra3 50. fxg4 hxg4 51. Kf2 Kg5 52. Kg2 f6 53. Kf2 Ra6 54. Kg2 Kg6 55. Rf2 Kf7 56. h3 gxh3+ 57. Kxh3 Kg6 58. Kg4 Ra4 59. Re2 1/2-1/2

[Event "44th Chess Olympiad Open 2022"]
[Site "Chennai"]
[Date "2022.08.08"]
[Round "10.46"]
[White "Ajak Mach Duany"]
[Black "Guzman, Christopher"]
[Result "1/2-1/2"]
[WhiteElo "2029"]
[BlackElo "2243"]
[Annotator "NA RC"]
[PlyCount "104"]
[EventDate "2022.??.??"]
[TimeControl "60"]

1. e4 e5 2. Nf3 Nc6 3. Bb5 a6 4. Ba4 b5 5. Bb3 Na5 6. O-O Nxb3 7. axb3 d6 8. h3 Nf6 9. d3 Be7 10. Nh2 O-O 11. f4 exf4 12. Bxf4 Nd7 13. Nc3 c6 14. Qh5 Ne5 15. d4 Ng6 16. Be3 Bf6 17. Nf3 Re8 18.
Bg5 h6 19. Bxf6 Qxf6 20. Ne5 Nf4 21. Qxf7+ Qxf7 22. Nxf7 Kxf7 23. Rxf4+ Kg8 24. Re1 Ra7 25. Nd1 c5 26. dxc5 dxc5 27. Nc3 Rae7 28. Rf2 Re5 29. Rd2 Bb7 30. Rd7 Ba8 31. Rf1 Rg5 32. Rf5 Bxe4 33. Rxg5 hxg5 34. Nxe4 Rxe4 35. Kf2 g4 36. hxg4 Rxg4 37. Rd5 c4 38. Kf3 Rh4 39. b4 Rh1 40. Rd2 Kf7 41. Ke4 Ke6 42. Kd4 Kd6 43. Ke4+ Ke6 44. Kd4 Rh5 45. Re2+ Kd6 46. Re4 Rd5+ 47. Ke3 Rf5 48. Rd4+ Ke6 49. Re4+ Kd5 50. Rd4+ Ke6 51. Re4+ Kd5 52. Rd4+ Ke6 1/2-1/2

[Event "44th Chess Olympiad Open 2022"]
[Site "Chennai"]
[Date "2022.08.08"]
[Round "10.46"]
[White "Madol Garang Panthoum"]
[Black "Camacho Campusano, David Daniel"]
[Result "0-1"]
[WhiteElo "1985"]
[BlackElo "2221"]
[Annotator "NA RC"]
[PlyCount "74"]
[EventDate "2022.??.??"]
[TimeControl "60"]

1. Nc3 e5 2. e4 Nf6 3. Nf3 Nc6 4. Bb5 Bc5 5. O-O d6 6. d4 exd4 7. Nxd4 Bd7 8. Nb3 Bb6 9. Bg5 h6 10. Bh4 g5 11. Bg3 h5 12. e5 h4 13.
exf6 hxg3 14. Ne4 gxf2+ 15. Kh1 Ne5 16. Qe2 a6 17. Bxd7+ Qxd7 18. c4 Qf5 19. Nxf2 O-O-O 20. c5 dxc5 21. Nh3 Qe6 22. Rae1 Rde8 23. Nd2 g4 24. Ng5 Qd6 25. g3 c4 26. Qg2 Qd4 27. Re4 Qxb2 28.
Rfe1 Rd8 29. Rxe5 Qxd2 30. Qxd2 Rxd2 31. Re8+ Rxe8 32. Rxe8+ Kd7 33. Re7+ Kc6 34. Re1 c3 35. Ne4 Rd3 36. Rc1 Bd4 37. h4 Kd5 0-1

[Event "44th Chess Olympiad Open 2022"]
[Site "Chennai"]
[Date "2022.08.08"]
[Round "10.47"]
[White "Adebayo, Adegboyega"]
[Black "Tsige, Addisalem Temesgen"]
[Result "1-0"]
[WhiteElo "2313"]
[BlackElo "2072"]
[Annotator "RC"]
[PlyCount "87"]
[EventDate "2022.??.??"]
[TimeControl "60"]

1. d4 Nf6 2. Bg5 d5 3. e3 c5 4. c3 Qb6 5. Qb3 c4 6. Qc2 Nc6 7. Nd2 g6 8. Bxf6 exf6 9. e4 dxe4 10. Nxc4 Qd8 11. Qxe4+ Be7 12. Bd3 O-O 13. Ne2 Be6 14. Ne3 f5 15. Qf3 Ne5 16. dxe5 Qxd3 17. Nd4 Bxa2 18. Nexf5 Qxf3 19. Nxe7+ Kg7 20. gxf3 Be6 21. f4 Bc4 22. b3 Rfe8 23. f5 f6 24. bxc4 Rxe7 25. e6 Rc7 26. Ra4 a6 27. Kd2 Rac8 28.
Rb1 Kf8 29. Rb6 Re8 30. f4 Kg7 31. Kd3 g5 32. Rab4 Ree7 33.
Rb2 Kh6 34. fxg5+ Kxg5 35. Rg2+ Kh5 36. Rb1 Rg7 37. Rxg7 Rxg7 38. Re1 Re7 39. c5 Kg4 40. Ke4 Rc7 41. Rg1+ Kh4 42. Kd5 a5 43. Kd6 Rc8 44. e7 1-0

[Event "44th Chess Olympiad Open 2022"]
[Site "Chennai"]
[Date "2022.08.08"]
[Round "10.47"]
[White "Okeke Issac"]
[Black "Jimma, Desalegn Fekadu"]
[Result "1-0"]
[WhiteElo "2204"]
[BlackElo "2112"]
[Annotator "NA RC"]
[PlyCount "113"]
[EventDate "2022.??.??"]
[TimeControl "60"]

1. e4 c5 2. Nf3 d6 3. d4 cxd4 4. Nxd4 Nf6 5. Nc3 a6 6. Be3 e5 7. Nb3 Be6 8. Be2 Be7 9. g4 h6 10. h4 d5 11. exd5 Nxd5 12. Nxd5 Bxd5 13. Bf3 Bxf3 14. Qxf3 Nc6 15. Rd1 Qc7 16. Qe4 Rd8 17. Rxd8+ Nxd8 18. Kd1 Qc6 19. Nd2 Qxe4 20. Nxe4 Ne6 21. Ke2 O-O 22. c3 Rd8 23. h5 f6 24. Rf1 Kf7 25. f4 exf4 26. Bxf4 Rd5 27. Be3 Bc5 28. Rf5 Bxe3 29. Rxd5 Nf4+ 30. Kxe3 Nxd5+ 31. Kd4 Ne7 32. Nd6+ Kf8 33. Nxb7 Nc6+ 34. Ke4 Ne5 35. Kf5 Nc4 36. b4 Ne3+ 37. Ke6 Nxg4 38. c4 f5 39. c5 Nf6 40. c6 Ne8 41. Nd6 Nc7+ 42. Kd7 Nd5 43.
Nxf5 Kf7 44. Nd6+ Kf6 45. Ne8+ Kf7 46. c7 g5 47. Kd6 Ne7 48.
Kd7 Nd5 49. Nd6+ Kf6 50. Nc4 Nxc7 51. Kxc7 g4 52. Ne3 g3 53. Kd6 Kg5 54. Ke5 Kxh5 55. Kf4 Kg6 56. Kxg3 Kf6 57. Nd5+ 1-0

[Event "44th Chess Olympiad Open 2022"]
[Site "Chennai"]
[Date "2022.08.08"]
[Round "10.47"]
[White "Abera, Aydagnuhem Gezachew"]
[Black "Kigigha, Bomo"]
[Result "0-1"]
[WhiteElo "2137"]
[BlackElo "2251"]
[Annotator "NA RC"]
[PlyCount "76"]
[EventDate "2022.??.??"]
[TimeControl "60"]

1. e4 c5 2. Nf3 Nc6 3. d4 cxd4 4. Nxd4 Qb6 5. Nb3 Nf6 6.
Nc3 e6 7. Bd3 a6 8. O-O Be7 9. Be3 Qc7 10. f4 d6 11. a3 b5 12. Qe2 Bb7 13. h3 O-O 14. g4 b4 15. axb4 Nxb4 16. g5 Nd7 17. Qg4 Nc5 18. Nxc5 dxc5 19. e5 c4 20. Be4 Bxe4 21. Nxe4 Nxc2 22. Bf2 Nxa1 23. Rxa1 Qb7 24. Re1 Qxb2 25. Re3 Rad8 26. f5 exf5 27. Qxf5 Qb1+ 28. Kg2 Kh8 29. Qg4 Rd3 30. Re1 Qb7 31. Kh2 Qd7 32. Qh5 Qf5 33. Bg3 c3 34. Qe2 Qf3 35. Qa2 Bxg5 36. Qa3 Rfd8 37. Qc5 Be3 38. Qe7 Rd2+ 0-1

[Event "44th Chess Olympiad Open 2022"]
[Site "Chennai"]
[Date "2022.08.08"]
[Round "10.47"]
[White "Badene, Habtamu Bayu"]
[Black "Akinseye, Abiola"]
[Result "0-1"]
[WhiteElo "2011"]
[BlackElo "2214"]
[Annotator "NA RC"]
[PlyCount "80"]
[EventDate "2022.??.??"]
[TimeControl "60"]

1. e4 e5 2. Nf3 Nc6 3. Bb5 a6 4. Ba4 Nf6 5. Bxc6 dxc6 6. d3 Bc5 7. h3 O-O 8. O-O Qe7 9. Bg5 Qe6 10. Nbd2 Ba7 11. Nc4 Nxe4 12. dxe4 Qxc4 13. Nxe5 Qxe4 14. Re1 Qd5 15. Be7 Re8 16. c4 Qxd1 17. Raxd1 Bxh3 18. Nd3 Be6 19. Bc5 b6 20. Bd4 Bxc4 21. Ne5 Bd5 22. a3 Rad8 23. Bc3 f6 24. Ng4 Rxe1+ 25. Rxe1 Kf7 26. Re3 Be6 27. Rg3 Bxg4 28. Rxg4 Rd1+ 29. Kh2 b5 30. Kg3 c5 31. Kf3 c4 32. Re4 Bb6 33. Re2 Rd3+ 34. Ke4 g6 35. g4 c6 36. f4 h5 37. f5 hxg4 38.
fxg6+ Kxg6 39. Kf4 Bc7+ 40. Kxg4 f5+ 0-1

[Event "44th Chess Olympiad Open 2022"]
[Site "Chennai"]
[Date "2022.08.08"]
[Round "10.48"]
[White "Berend, Fred"]
[Black "Gerena Rivas, Eliam"]
[Result "1-0"]
[WhiteElo "2307"]
[BlackElo "2102"]
[Annotator "RC"]
[PlyCount "213"]
[EventDate "2022.??.??"]
[TimeControl "60"]

1. d4 Nf6 2. Bg5 c5 3. d5 Qb6 4. Nc3 Qxb2 5. Bd2 Qb6 6. e4 d6 7. f4 e5 8. f5 Qd8 9. Nh3 Be7 10. Nf2 a6 11. a4 g6 12. g4 Ng8 13.
Qc1 h6 14. Ncd1 b6 15. Ra3 Nd7 16. Be2 Nf8 17. Ne3 Bd7 18. Qa1 Bc8 19. Nc4 Qc7 20. Qb2 Rb8 21. Rb3 Nd7 22. O-O Ngf6 23. fxg6 fxg6 24. Rb1 Bd8 25. Qc1 O-O 26. Bxh6 Rf7 27. Bd2 Nh7 28. g5 Be7 29. h4 Qd8 30. Bg4 Kh8 31. Be6 Rg7 32. Qf1 Nhf8 33. Bg4 Rh7 34. Qh3 Qe8 35. Qg3 b5 36. Na5 c4 37. Nxc4 Nc5 38. Nxe5 Nxb3 39. Rxb3 Bb7 40. Bc3 Kg8 41. Ned3 Bc8 42. axb5 Rxb5 43. Nb4 Bd7 44. Nxa6 Rxb3 45. cxb3 Qc8 46. Nb4 Qc5 47. Kg2 Rf7 48. Bxd7 Nxd7 49. Ng4 Bf8 50. Nc6 Bg7 51. Nh6+ Bxh6 52. gxh6 Kh7 53. Nd8 Re7 54. Ne6 Qb5 55. Nf4 Nf8 56. h5 gxh5 57. Qg5 Rf7 58. Bf6 Qd7 59. Nxh5 Ng6 60. Bg7 Qe7 61. Qxe7 Nxe7 62. Nf6+ Kg6 63. Nd7 Ng8 64. Nf8+ Kh5 65. Ne6 Nxh6 66. Bf8 Rb7 67. Bxd6 Rxb3 68. Bf4 Nf7 69. Kf2 Kg4 70. Ke2 Rb2+ 71. Kd3 Kf3 72. d6 Rb7 73. e5 Rd7 74. Kd4 Kg4 75. Ke4 Ra7 76. Be3 Ra5 77. Nc5 Ra8 78. d7 Nd8 79. Kd5 Kf5 80.
e6 Nxe6 81. Nxe6 Kf6 82. Bd4+ Ke7 83. Nc5 Rg8 84. Kc6 Rd8 85. Kc7 Rxd7+ 86. Nxd7 Ke6 87. Kc6 Kf5 88. Kd5 Kf4 89. Nc5 Kf5 90. Be5 Kg5 91. Ke4 Kg4 92. Bf4 Kh4 93. Nd3 Kh5 94. Kf5 Kh4 95. Nf2 Kh5 96. Bg3 Kh6 97. Ne4 Kg7 98. Bh4 Kf7 99. Nd6+ Kg7 100. Bg5 Kh7 101. Kf6 Kg8 102. Kg6 Kf8 103. Bh4 Kg8 104. Be7 Kh8 105. Nf5 Kg8 106. Nh6+ Kh8 107. Bf6# 1-0

[Event "44th Chess Olympiad Open 2022"]
[Site "Chennai"]
[Date "2022.08.08"]
[Round "10.48"]
[White "Steil-Antoni, Fiona"]
[Black "Zilleruelo Irizarry, Diego"]
[Result "1-0"]
[WhiteElo "2218"]
[BlackElo "2081"]
[Annotator "NA RC"]
[PlyCount "89"]
[EventDate "2022.??.??"]
[TimeControl "60"]

1. e4 c6 2. d4 d5 3. e5 c5 4. dxc5 Nc6 5. a3 a5 6. Nc3 e6 7. Na4 Qh4 8. Bb5 Bd7 9. Nf3 Qe4+ 10. Be3 d4 11. Nxd4 Qxg2 12. Rf1 Rd8 13. Qe2 Nxd4 14. Bxd4 Ne7 15. O-O-O Bc6 16. Be3 Rxd1+ 17. Rxd1 Nf5 18. Nc3 Be7 19. Bxc6+ Qxc6 20. b4 axb4 21. axb4 O-O 22. Kb2 Ra8 23. Qb5 Nxe3 24. fxe3 Rd8 25. Qxc6 bxc6 26. Kb3 Rxd1 27. Nxd1 Bd8 28. Kc4 Bc7 29. Kd4 Kf8 30. Nf2 f6 31. exf6 gxf6 32. h3 Ke7 33. c4 e5+ 34. Kd3 f5 35. e4 f4 36. Ke2 h5 37. Nd3 Kf6 38. b5 Kg5 39. b6 Bb8 40.
Nb4 Kh4 41. Kf3 Kxh3 42. Nxc6 Kh2 43. Nxb8 Kg1 44. Nc6 h4 45. Nxe5 1-0

[Event "44th Chess Olympiad Open 2022"]
[Site "Chennai"]
[Date "2022.08.08"]
[Round "10.48"]
[White "Rodriguez Santiago, Jaime"]
[Black "Berend, Elvira"]
[Result "0-1"]
[WhiteElo "2067"]
[BlackElo "2333"]
[Annotator "RC"]
[PlyCount "66"]
[EventDate "2022.??.??"]
[TimeControl "60"]

1. c4 e5 2. Nc3 Nf6 3. g3 Bb4 4. Bg2 O-O 5. e3 Bxc3 6. bxc3 d6 7. Ne2 Nc6 8. d4 Re8 9. O-O e4 10. Nf4 Na5 11. Qa4 b6 12. c5 d5 13. f3 c6 14. cxb6 axb6 15. Re1 exf3 16. Bxf3 Bf5 17. Qb4 Nc4 18. a4 h6 19. Ra2 Qd7 20. Ng2 Bg4 21. Bxg4 Qxg4 22. Rf2 Ne4 23. Rf4 Qd7 24. Ref1 f6 25. Rf5 Qa7 26. Qb1 Qxa4 27. Qd3 Qb3 28. Qe2 Ncd6 29. Rh5 Nf7 30. Qg4 Qc2 31. Qg6 Ra2 32. Nf4 Nxc3 33. e4 Ne2+ 0-1

[Event "44th Chess Olympiad Open 2022"]
[Site "Chennai"]
[Date "2022.08.08"]
[Round "10.48"]
[White "Pinales Roussel, Gabriel"]
[Black "Gengler, Pierre"]
[Result "1-0"]
[WhiteElo "1973"]
[BlackElo "2194"]
[Annotator "NA RC"]
[PlyCount "95"]
[EventDate "2022.??.??"]
[TimeControl "60"]

1. Nf3 g6 2. e4 Bg7 3. d4 d6 4. Bc4 Nf6 5. Qe2 O-O 6. h3 c6 7. e5 Nd5 8. O-O b5 9. Bb3 a5 10. Rd1 Nb6 11. c3 Na6 12. Bg5 d5 13.
Bc2 Ra7 14. Bd3 f6 15. exf6 exf6 16. Bh4 Re7 17. Qc2 Rfe8 18. Nbd2 Nc4 19. Nf1 Nc7 20. a4 Ne6 21. Bg3 Bh6 22. b3 Nf4 23. axb5 Nxd3 24. bxc4 dxc4 25. Rxd3 Bf5 26. bxc6 Re2 27. Qa4 cxd3 28. Qc4+ Kh8 29. Rd1 Be4 30. Rxd3 Bxd3 31. Qxd3 Qa8 32. c7 R2e7 33. d5 a4 34. Qb5 a3 35. Nd4 a2 36. Nb3 Qc8 37. Qc6 Qd7 38. Qc4 Ra8 39. d6 Rg7 40.
Qd5 Rc8 41. Qa5 Rgg8 42. Qxa2 Bf8 43. Nc5 Qc6 44. Qe6 Bxd6 45. Qxf6+ Rg7 46. Bxd6 h6 47. Ne6 Rcxc7 48. Bxc7 1-0

[Event "44th Chess Olympiad Open 2022"]
[Site "Chennai"]
[Date "2022.08.08"]
[Round "10.49"]
[White "Lee, Jun Hyeok"]
[Black "Oatlhotse, Providence"]
[Result "1-0"]
[WhiteElo "2390"]
[BlackElo "2204"]
[Annotator "RC"]
[PlyCount "55"]
[EventDate "2022.??.??"]
[TimeControl "60"]

1. e4 g6 2. d4 Bg7 3. Nf3 d6 4. Be3 Nf6 5. Nc3 O-O 6. Qd2 a6 7. Bh6 b5 8. Bd3 Bb7 9. e5 Nfd7 10. h4 dxe5 11. h5 Bh8 12. hxg6 hxg6 13. Bxf8 Qxf8 14. dxe5 Bxe5 15. O-O-O Bg7 16. Be4 c6 17. Qf4 f5 18. Qh2 Nf6 19. Ng5 Bc8 20. Nd5 Nh5 21. Bf3 e6 22. Bxh5 cxd5 23. Bxg6 Qe7 24. f4 Nc6 25. Bf7+ Kf8 26. Qh8+ Bxh8 27. Rxh8+ Kg7 28. Rg8+ 1-0

[Event "44th Chess Olympiad Open 2022"]
[Site "Chennai"]
[Date "2022.08.08"]
[Round "10.49"]
[White "Oratile, Kgotlane"]
[Black "Kwon, Sehyun"]
[Result "0-1"]
[WhiteElo "2024"]
[BlackElo "2225"]
[Annotator "NA RC"]
[PlyCount "76"]
[EventDate "2022.??.??"]
[TimeControl "60"]

1. e4 e5 2. Nf3 Nc6 3. d3 d5 4. exd5 Qxd5 5. Nc3 Qd6 6. g3 Bf5 7. Bg2 Qd7 8. O-O O-O-O 9. Be3 Bh3 10. Bxh3 Qxh3 11. Ng5 Qd7 12. Qf3 f6 13. Nge4 f5 14. Nc5 Bxc5 15. Bxc5 Nf6 16. Be3 h6 17. Qe2 Rhe8 18. f3 g5 19. Rae1 Qg7 20. Qf2 Kb8 21. a3 h5 22. Kh1 Rh8 23.
h3 f4 24. Bc1 Nd4 25. gxf4 exf4 26. Qg2 Nf5 27. Rg1 Ng3+ 28. Kh2 Ng4+ 29. fxg4 hxg4 30. Qd2 Rxh3+ 31. Kg2 Rdh8 32. Re8+ Rxe8 33. d4 Qh7 34. Kf2 Ne4+ 35. Nxe4 Qxe4 36. Rg2 g3+ 37. Kf1 Rh1+ 38. Rg1 Qf3+ 0-1

[Event "44th Chess Olympiad Open 2022"]
[Site "Chennai"]
[Date "2022.08.08"]
[Round "10.49"]
[White "Li, Georgiy"]
[Black "Monnaatsheko, Keletshabile"]
[Result "1-0"]
[WhiteElo "1994"]
[BlackElo "2014"]
[Annotator "NA RC"]
[PlyCount "197"]
[EventDate "2022.??.??"]
[TimeControl "60"]

1. c4 e6 2. Nf3 d5 3. e3 Nf6 4. Nc3 Be7 5. d4 O-O 6. cxd5 exd5 7. Bd3 Bg4 8.
h3 Bh5 9. Qb3 Nc6 10. a3 Na5 11. Qc2 Bg6 12. Ne5 Bxd3 13. Nxd3 Nc4 14. O-O Re8 15. b3 Nd6 16. Nc5 Qc8 17. Bb2 b6 18. Nd3 Qf5 19. Rac1 Nde4 20. Ne5 Bd6 21. Nb5 a6 22. Nxd6 cxd6 23. Nc6 Qh5 24. Nb4 g5 25. f3 Ng3 26. Rfe1 a5 27. Nd3 Rac8 28. Qf2 Qh4 29. Bc3 g4 30. Kh2 gxf3 31. gxf3 Nf5 32. Qxh4 Nxh4 33. Kg3 Nf5+ 34. Kf2 h6 35. b4 axb4 36. Bxb4 Rc4 37. Bd2 Rec8 38. Nb4 b5 39. Nd3 Rc2 40. Rxc2 Rxc2 41. Re2 Kf8 42. Be1 Rxe2+ 43. Kxe2 Ke7 44. Nf4 Kd7 45. Kd3 Ne7 46. Bh4 Nfg8 47. Bf2 Kc6 48. Ne2 Nc8 49. Kc3 Kb6 50. Kb4 Nge7 51. Nf4 Nc6+ 52. Kc3 N8e7 53. Bh4 Ka5 54. Kb3 Ka6 55. Bf6 Na5+ 56. Kc3 Nac6 57. e4 dxe4 58. fxe4 Nc8 59. Bg7 Nb6 60. Bxh6 Na4+ 61. Kd3 Nb2+ 62. Kc2 Nc4 63. Bg7 Nxa3+ 64. Kd3 Ne7 65. Bf8 Nc8 66. h4 b4 67. Ne2 b3 68. h5 b2 69. Nc3 Nb5 70. Nb1 Nc7 71. h6 Ne6 72. h7 Nf4+ 73. Kc2 Ng6 74. Bg7 Nce7 75. Bf6 Nc6 76. h8=Q Nxh8 77. Bxh8 d5 78. exd5 Nb4+ 79. Kxb2 Nxd5 80. Kb3 Kb6 81. Kc4 Kc6 82. Nc3 Nb6+ 83. Kd3 f5 84. Ke3 Kd6 85. Kf4 Ke6 86. Be5 Nc4 87. d5+ Kd7 88. Kxf5 Ne3+ 89. Ke4 Nc4 90. Kd4 Nd2 91. Bf4 Nf3+ 92. Ke4 Nh4 93. Na4 Ng6 94. Nc5+ Ke8 95. d6 Nf8 96. Kd5 Nh7 97. Kc6 Nf8 98. Bh6 Ne6 99. Nxe6 1-0

[Event "44th Chess Olympiad Open 2022"]
[Site "Chennai"]
[Date "2022.08.08"]
[Round "10.49"]
[White "Sabure, Bojosi"]
[Black "Kim, Changhoon"]
[Result "1/2-1/2"]
[WhiteElo "1966"]
[BlackElo "1827"]
[Annotator "NA RC"]
[PlyCount "64"]
[EventDate "2022.??.??"]
[TimeControl "60"]

1. e4 c5 2. b4 cxb4 3. d4 d5 4. exd5 Qxd5 5. c4 bxc3 6. Nxc3 Qa5 7. Bd2 e6 8. Nb5 Qd8 9. Nf3 Nf6 10. Rc1 Nc6 11. Bd3 a6 12. Nc3 Nxd4 13.
O-O Be7 14. Nxd4 Qxd4 15. Be3 Qd8 16. Qc2 O-O 17. Rfd1 Qa5 18.
Ne4 h6 19. Bd4 Nd5 20. Ba1 Ba3 21. Rb1 Bd7 22. Qe2 Qc7 23. Bc4 Rfd8 24. Rb3 Bf8 25. Bxd5 exd5 26. Nf6+ Kh8 27. Qd3 gxf6 28. Bxf6+ Bg7 29. Qd4 Rg8 30. Rg3 Bxf6 31. Qxf6+ Kh7 32. Qxf7+ Kh8 1/2-1/2

[Event "44th Chess Olympiad Open 2022"]
[Site "Chennai"]
[Date "2022.08.08"]
[Round "10.50"]
[White "Chinchilla, Alejandro Jose"]
[Black "Giron, Jorge Ernesto"]
[Result "0-1"]
[WhiteElo "2166"]
[BlackElo "2288"]
[Annotator "NA RC"]
[PlyCount "66"]
[EventDate "2022.??.??"]
[TimeControl "60"]

1. e4 c5 2. Nf3 Nc6 3. Bb5 g6 4. c3 Nf6 5. Qe2 Bg7 6. d4 cxd4 7. cxd4 d5 8. e5 Ne4 9. O-O O-O 10. Bxc6 bxc6 11. Nc3 Nxc3 12. bxc3 Qa5 13. Qe3 Rb8 14. Re1 Bg4 15. h3 Bxf3 16. Qxf3 f6 17. e6 g5 18. h4 h6 19. g3 Rb5 20. Kg2 Qa4 21. Qd3 c5 22. dxc5 Rxc5 23.
Be3 Ra5 24. Bd4 f5 25. hxg5 hxg5 26. Rab1 Qc4 27. Qe3 f4 28. gxf4 Bxd4 29. cxd4 Qc2 30. Qg3 Qg6 31. Re5 Rf5 32. Rxf5 Qxf5 33. Qh3 Qxb1 0-1

[Event "44th Chess Olympiad Open 2022"]
[Site "Chennai"]
[Date "2022.08.08"]
[Round "10.50"]
[White "Burgos Figueroa, Carlos E."]
[Black "Garcia Cuestas, Kevin"]
[Result "1-0"]
[WhiteElo "2164"]
[BlackElo "1984"]
[Annotator "NA RC"]
[PlyCount "61"]
[EventDate "2022.??.??"]
[TimeControl "60"]

1. c4 e5 2. Nc3 Nf6 3. g3 Bc5 4. Bg2 c6 5. e3 d5 6. cxd5 cxd5 7. d4 exd4 8. exd4 Bb4 9. Nge2 h6 10. O-O O-O 11. h3 Nc6 12. a3 Bxc3 13.
Nxc3 Be6 14. Be3 Qd7 15. Kh2 Rac8 16. Qa4 Rfd8 17. Rac1 a5 18. Qb5 Qe7 19. Na4 Rc7 20. Nb6 Ne8 21. Qc5 Qxc5 22. Rxc5 Nf6 23. Rfc1 Re7 24. Na4 Kf8 25. Rb5 Rb8 26. Rxc6 Bd7 27. Rcb6 Bxb5 28. Rxb5 Rd7 29. Rxa5 Ke7 30. Nb6 Rd6 31. Bf4 1-0

[Event "44th Chess Olympiad Open 2022"]
[Site "Chennai"]
[Date "2022.08.08"]
[Round "10.50"]
[White "Morales Carlos"]
[Black "Villanueva, Marcio"]
[Result "1/2-1/2"]
[WhiteElo "2036"]
[BlackElo "2009"]
[Annotator "NA RC"]
[PlyCount "61"]
[EventDate "2022.??.??"]
[TimeControl "60"]

1. Nf3 Nf6 2. c4 c5 3. Nc3 Nc6 4. g3 g6 5. Bg2 Bg7 6. O-O O-O 7. d3 d6 8. Rb1 Rb8 9. a3 Bd7 10. b4 b6 11. Bd2 Nd4 12. Nxd4 cxd4 13. Nb5 Bxb5 14. cxb5 Qd7 15. Bc6 Qh3 16. Bg2 Qd7 17. Qa4 d5 18.
Rbc1 Rfc8 19. Bf4 Rc3 20. Bxb8 Qc8 21. Bxa7 Rxc1 22. Rxc1 Qxc1+ 23. Bf1 Qc7 24. Qa6 Nd7 25. h3 e6 26. Bg2 Qc1+ 27. Bf1 Qc7 28. Bg2 Qc1+ 29. Bf1 Qc7 30. Bg2 Qc1+ 31. Bf1 1/2-1/2